 Dungeon Crawl Stone Soup version 0.31-a0-208-gdb31a4691d (webtiles) character file.

Game seed: 7930282205030239752

27 Anon1729 the Cutter (level 2, 0/22 HPs)
             Began as a Demonspawn Gladiator on June 28, 2023.
             Succumbed to a goblin's poison
             ... on level 2 of the Dungeon.
             The game lasted 00:00:22 (1207 turns).

Anon1729 the Cutter (Demonspawn Gladiator)          Turns: 1207, Time: 00:00:23

Health: 0/22       AC:  4    Str: 14    XL:     2   Next: 93%
Magic:  2/2        EV: 12    Int:  7    God:
Gold:   45         SH:  0    Dex: 14    Spells: 1/1 levels left

rFire   x . .        a - +0 rapier
rCold   + . .        (no shield)
rNeg    . . .        b - +0 leather armour
rPois   .            c - +0 helmet
rElec   .            (no cloak)
rCorr   .            (no gloves)
SInv    .            (no boots)
Will    .....        (no amulet)
Stlth   +            h - ring of ice
HPRegen 0.23/turn    (no ring)
MPRegen 0.08/turn

%: no passive effects
@: lethally poisoned (0 -> -4)
A: demonic magic 1, claws 1, dopey 1
a: no special abilities


You were on level 2 of the Dungeon.
You visited 1 branch of the dungeon, and saw 2 of its levels.

You collected 45 gold pieces.

Inventory:

Hand Weapons
 a - a +0 rapier (weapon)
Missiles
 d - 3 throwing nets (quivered)
 e - a javelin
Armour
 b - a +0 leather armour (worn)
 c - a +0 helmet (worn)
Jewellery
 h - a ring of ice (left claw)
 m - an amulet of magic regeneration
Scrolls
 i - 2 scrolls of revelation {unknown}
 k - a scroll of identify {unknown}
 n - a scroll of silence {unknown}
 p - a scroll of poison {unknown}
Potions
 f - a potion of enlightenment {unknown}
 g - a potion of brilliance {unknown}
 j - 2 potions of mutation
 l - a potion of curing {unknown}
 o - a potion of resistance {unknown}


   Skills:
 + Level 2.3 Fighting
 + Level 2.9 Short Blades
 - Level 1.7 Throwing
 + Level 0.9 Armour
 + Level 2.9 Dodging
 + Level 1.3 Invocations


You had one spell level left.
You didn't know any spells.
Your spell library was empty.

Dungeon Overview and Level Annotations

Branches:
Dungeon (2/15)

Altars:

Annotations:
D:2 Robin


Innate Abilities, Weirdness & Mutations

Spells you cast may paralyse adjacent enemies.
You have sharp fingernails.
You are dopey. (Int -2)


Message History

You kill the goblin!
The goblin hits you with a +0 dagger.
The goblin hits you with a +1 dagger of venom.
You are poisoned.
The goblin hits you with a +0 club.
* * * LOW HITPOINT WARNING * * *
You are too injured to fight recklessly!
You are too injured to fight recklessly!
You are too injured to fight recklessly!
You are too injured to fight recklessly!
You are too injured to fight recklessly!
You are too injured to fight recklessly!
You are too injured to fight recklessly!
You are too injured to fight recklessly!
You are too injured to fight recklessly!
You are too injured to fight recklessly!
You are too injured to fight recklessly!
You are too injured to fight recklessly!
You are too injured to fight recklessly!
You are too injured to fight recklessly!
You are too injured to fight recklessly!
You are too injured to fight recklessly!
You are too injured to fight recklessly!
You are too injured to fight recklessly!
You are too injured to fight recklessly!
You are too injured to fight recklessly!
You are too injured to fight recklessly!
You are too injured to fight recklessly!
You are too injured to fight recklessly!
You are too injured to fight recklessly!
You are too injured to fight recklessly!
You are too injured to fight recklessly!
You are too injured to fight recklessly!
* * * LOW HITPOINT WARNING * * *
You feel sick. The goblin hits you but does no damage.
* * * LOW HITPOINT WARNING * * *
You feel sick.
It was a potion of mutation.
You feel extremely strange.
You feel stupid.
Your fingernails lengthen.
You die...

.....#...
.......
.....#
....######
#..g......
#gg.......
#gg..g....
#g#.B.g...
#@#Sg.....
#.#..g....
#.#.......
#.#.......
#.#.......
#.#######.
########.#
#.....#
.........#
.....#
.........#
#....#


You could see 2 hobgoblins and 4 goblins.

Vanquished Creatures
  A dart slug (D:1)
  3 ball pythons (D:1)
  3 endoplasms (D:1)
  A giant cockroach (D:1)
  3 goblins
  3 hobgoblins (D:1)
  A quokka (D:1)
  A bat (D:1)
  4 kobolds (D:1)
  A rat (D:1)
21 creatures vanquished.

Notes
Turn   | Place    | Note
-------+----------+-------------------------------------------
     0 | D:1      | Anon1729 the Demonspawn Gladiator began the quest for the
                  | Orb.
     0 | D:1      | Reached XP level 1. HP: 16/16 MP: 1/1
   230 | D:1      | Gained mutation: Spells you cast may paralyse adjacent
                  | enemies. [demonic ancestry]
   230 | D:1      | Reached XP level 2. HP: 22/22 MP: 2/2
   322 | D:1      | Reached skill level 1 in Invocations
  1140 | D:2      | Found a faded altar of an unknown god.
  1200 | D:2      | Noticed Robin
  1206 | D:2      | HP: 1/22 [poisoned by a goblin]
  1207 | D:2      | Gained mutation: You are dopey. (Int -2) [potion of
                  | mutation]
  1207 | D:2      | Gained mutation: You have sharp fingernails. [potion of
                  | mutation]
  1207 | D:2      | Succumbed to a goblin's poison

Illustrated notes

Levels and vault maps discovered:
D:1:      psy_arrival_basics, layout_basic, nrook_campfire, dk_noncrumbling_3,
          minmay_hedge_maze, minmay_unequal
D:2:      layout_basic, chequers_ecumenical_altar_simple, basic_altar,
          uniq_robin

Skill      XL: |  1  2 |
---------------+-------+-----
Invocations    | 1 |  1.3
Fighting       | |  2.3
Short Blades   | |  2.9
Throwing       | |  1.7
Armour         | |  0.9
Dodging        | |  2.9

Action                     || total
---------------------------++-------
  Melee: Rapier            ||    73
    Use: Potion            ||     1
 Armour: Leather armour    ||    16
  Dodge: Dodged            ||    48

Table legend: (Time is in decaauts)
 A = Elapsed time spent in this place.
 B = Non-inter-level travel time spent in this place.
 C = Inter-level travel time spent in this place.
 D = Time resting spent in this place.
 E = Time spent auto-exploring this place.
 F = Levels seen in this place.
 G = Mean time per level.
                   A        B        C        D        E       F      G
               +--------+--------+--------+--------+--------+-----+--------+
         Total |   1210 |   1171 |     39 |     43 |    963 |   2 |  605.0 |
       Dungeon |   1210 |   1171 |     39 |     43 |    963 |   2 |  605.0 |
               +--------+--------+--------+--------+--------+-----+--------+

Top non-repeatable levels by time:
     D:1: 1022 daAuts
     D:2: 188 daAuts
